 Dungeon Crawl Stone Soup version 0.22-a0-422-g9628fc8 (webtiles) character file.

65 iamserjio the Ducker (level 3, -7/18 HPs)
             Began as a Spriggan Transmuter on May 22, 2018.
             Mangled by Crazy Yiuf
             ... wielding a +4 quarterstaff of chaos
              (12 damage)
             ... on level 2 of the Dungeon.
             The game lasted 00:07:40 (2823 turns).

iamserjio the Ducker (Spriggan Transmuter)          Turns: 2823, Time: 00:07:41

Health: -7/18      AC:  2    Str:  7    XL:     3   Next: 94%
Magic:  0/8        EV: 22    Int: 14    God:
Gold:   101        SH:  0    Dex: 21    Spells: 2/8 levels left

rFire    . . .     SeeInvis +     - Unarmed
rCold    . . .     Gourm    .   (shield currently unavailable)
rNeg     . . .     Faith    .   (armour currently unavailable)
rPois    x         Spirit   .   (helmet currently unavailable)
rElec    .         Reflect  .   (cloak currently unavailable)
rCorr    .         Harm     .   (gloves unavailable)
MR       .....                  (boots unavailable)
Stlth    +++.......             (no amulet)
HPRegen  0.06/turn              (no ring)
MPRegen  0.11/turn              (no ring)

@: lethally poisoned (-7 -> -21), spider-form (expiring), very slightly
contaminated
A: tiny, unfitting armour, see invisible, herbivore, slow metabolism 2
a: End Transformation


You were on level 2 of the Dungeon.
You were hungry.
You were a venomous arachnid creature.
You visited 1 branch of the dungeon, and saw 2 of its levels.

You collected 101 gold pieces.

Inventory:

Missiles
 a - 83 arrows
Armour
 b - a +0 robe (melded)
 g - a +0 buckler
Wands
 i - a wand of paralysis (9)
Scrolls
 e - 2 scrolls of identify {unknown}
 f - a scroll of fog {unknown}
 h - a scroll of immolation {unknown}
 j - a scroll of remove curse {unknown}
Potions
 c - 2 potions of berserk rage {unknown}
Comestibles
 d - 5 rations


   Skills:
 - Level 1.0 Fighting
 + Level 3.6 Dodging
 + Level 2.6 Stealth
 * Level 3.0 Unarmed Combat
 - Level 3.0 Spellcasting
 * Level 3.4 Transmutations


You had 2 spell levels left.
You knew the following spells:

 Your Spells              Type           Power        Failure   Level  Hunger
a - Beastly Appendage     Tmut           ##....       16%         1    #......
b - Sticks to Snakes      Tmut           ##......     22%         2    ##.....
c - Spider Form           Tmut/Pois      #.........   54%         3    ###....

Your spell library contained the following spells:

 Spells                   Type           Power        Failure   Level  Hunger
 Blade Hands              Tmut           ##........   94%         5    ######.
 Ice Form                 Ice/Tmut       #.......     87%         4    #####..


Dungeon Overview and Level Annotations

Branches:
Dungeon (2/15)

Altars:
Ashenzari
Kikubaaqudgha
Okawaru
Qazlal

Annotations:
D:2 Crazy Yiuf


Innate Abilities, Weirdness & Mutations

You are very small and have problems with some larger weapons.
You are too small for most types of armour.
You have supernaturally acute eyesight. (SInv)
You are a herbivore.
((You cover ground extremely quickly.))
You need to consume almost no food.


Message History

Crazy Yiuf grits, "Rifle!
Ghoul bag broken."
Crazy Yiuf misses you.
You hit Crazy Yiuf.
Crazy Yiuf looks as sick as possible!
Crazy Yiuf is moderately wounded.
Your transformation is almost over.
You feel sick.
Crazy Yiuf hits you with a quarterstaff of chaos.
Crazy Yiuf burns you.
You hit Crazy Yiuf but do no damage.
Crazy Yiuf looks as sick as possible!
Crazy Yiuf is heavily wounded.
You feel sick.
Crazy Yiuf says, "Goober seventy sing!"
Crazy Yiuf closely misses you.
You hit Crazy Yiuf.
Crazy Yiuf looks as sick as possible!
Crazy Yiuf is almost dead.
* * * LOW HITPOINT WARNING * * *
You feel sick.
Crazy Yiuf hits you with a quarterstaff of chaos!
Ouch! That really hurt!
You die...

######## #.....)# ########
#......####......# ###
#......>.........# #..
#.......###......# ##..
#.......# #......## #...
#.......########..###...
#.......................
###.###s.##........##...
#####.###g..#.....รท..##...
#....###....####.....##...
#....# ##..## #.....##...
#....# #....# #####.#####
#....# #...## #.# # #....#
##.## #.## # #....# #.##
#..# # #....# ##.#
######.## #


You could see Crazy Yiuf.

Vanquished Creatures
  An adder (D:2)
  2 dart slugs
  3 leopard geckos
  4 ball pythons
  A giant cockroach (D:1)
  6 goblins
  2 hobgoblins
  4 kobolds (D:1)
  A quokka (D:2)
  4 bats
  3 frilled lizards
  12 rats (D:1)
43 creatures vanquished.

Vanquished Creatures (collateral kills)
  A gnoll (D:1)
  A frilled lizard (D:1)
2 creatures vanquished.

Grand Total: 45 creatures vanquished

Notes
Turn   | Place    | Note
-------+----------+-------------------------------------------
     0 | D:1      | iamserjio the Spriggan Transmuter began the quest for the Orb.
     0 | D:1      | Reached XP level 1. HP: 9/9 MP: 5/5
   291 | D:1      | Reached skill level 1 in Stealth
   402 | D:1      | Reached XP level 2. HP: 4/14 MP: 4/6
   763 | D:1      | Learned a level 2 spell: Sticks to Snakes
   941 | D:1      | Reached skill level 1 in Fighting
  1210 | D:1      | Reached XP level 3. HP: 15/18 MP: 6/8
  1540 | D:1      | Learned a level 3 spell: Spider Form
  1549 | D:2      | Found an ancient bone altar of Kikubaaqudgha.
  1551 | D:2      | Found a stormy altar of Qazlal.
  1553 | D:2      | Found an iron altar of Okawaru.
  2470 | D:2      | Found a runed door.
  2561 | D:2      | Found a shattered altar of Ashenzari.
  2798 | D:2      | Noticed Crazy Yiuf
  2823 | D:2      | Mangled by Crazy Yiuf

Vault maps used:
D:1:      lemuel_arrival_room, minmay_rat_gold_closets
D:2:      grunt_temple_overflow_open, old_standard_altar,
          uniq_crazy_yiuf_cottage

Skill      XL: |  1  2  3 |
---------------+----------+-----
Stealth        | 1 2 |  2.6
Fighting       | 1 |  1.0
Spellcasting   | 3 |  3.0
Transmutations | 3 |  3.4
Unarmed Combat | 3 |  3.0
Dodging        | |  3.6

Action                   || total
-------------------------++-------
Melee: Unarmed           ||   158
       Headbutt          ||     6
       Kick              ||     4
       Punch             ||     2
 Cast: Beastly Appendage ||    17
       Sticks to Snakes  ||     8
       Spider Form       ||     1
 Stab: Sleeping          ||    11
Armor: Robe              ||    13
Dodge: Dodged            ||   111

Table legend:
 A = Spawn XP
 B = Non-spawn XP
 C = Spawn XP percentage of total XP
 D = Spawn monster count
 E = Non-spawn monster count
 F = Spawn count percentage of total count
 G = Total turns spent on level
                    A         B        C        D         E        F      G
               +---------+---------+-------+---------+---------+-------+---------
         Total |       0 |      94 |   0.0 |       0 |      45 |   0.0 |  2823
               +---------+---------+-------+---------+---------+-------+---------
           D:1 |       0 |      53 |   0.0 |       0 |      31 |   0.0 |  1541
           D:2 |       0 |      41 |   0.0 |       0 |      14 |   0.0 |  1282
               +---------+---------+-------+---------+---------+-------+---------
